 Dungeon Crawl Stone Soup version 0.31.0-2-g5a2aebc5c2 (webtiles) character file.

Game seed: 4817565504214928388

1352 BigPumpCobain the Ruffian (level 8, -7/118 HPs)
             Began as a Troll Fighter on Jan 20, 2024.
             Was a Priest of Jiyva.
             Killed by divine providence
             ... invoked by an orc priest
              (16 damage)
             ... on level 6 of the Dungeon.
             The game lasted 00:04:54 (3633 turns).

BigPumpCobain the Ruffian (Troll Fighter)           Turns: 3633, Time: 00:04:55

Health: -7/118     AC: 24    Str: 27    XL:     8   Next: 36%
Magic:  7/7        EV:  1    Int:  4    God:    Jiyva [***...]
Gold:   104        SH:  0    Dex:  9    Spells: 7/7 levels left

rFire   . .          .
                       - Unarmed
rCold   . . .        b - +0 kite shield
rNeg    + . .        a - melded +0 robe
rPois   +            (helmet currently unavailable)
rElec   .            (cloak currently unavailable)
rCorr   +            (gloves unavailable)
SInv    .            (boots unavailable)
Will    .....        d - amulet of reflection
Stlth   +            i - ring of positive energy
HPRegen 2.31/turn    (no ring)
MPRegen 0.66/turn

%: reflection
@: confused, mighty, tree-form
A: stationary, stasis, torment immunity, boosted hp, large, unfitting armour,
(claws 3), regeneration 1, (shaggy fur 1), (tough skin 1)
a: Renounce Religion, Oozemancy


You were on level 6 of the Dungeon.
You worshipped Jiyva.
Jiyva was most pleased with you.
You were a tree.
You visited 1 branch of the dungeon, and saw 6 of its levels.
You also visited: Sewer.

You collected 104 gold pieces.

Inventory:

Armour
 a - a +0 robe (melded)
 b - a +0 kite shield (worn)
Jewellery
 d - an amulet of reflection (around neck)
 i - a ring of positive energy (left branch)
 j - an amulet of faith
Wands
 n - a wand of charming (16)
Scrolls
 h - a scroll of enchant weapon
 k - 2 scrolls of identify
 o - a scroll of blinking {unknown}
 p - a scroll of immolation {unknown}
 r - a scroll of revelation {unknown}
Potions
 c - a potion of might
 e - 3 potions of lignification
 f - a potion of magic
 g - 4 potions of brilliance {unknown}
 l - 3 potions of heal wounds {unknown}
 m - a potion of haste {unknown}
 q - a potion of curing {unknown}
 s - a potion of attraction {unknown}


   Skills:
 + Level 4.9 Fighting
 - Level 2.4 Dodging
 + Level 5.3 Shields
 * Level 7.5 Unarmed Combat


You had 7 spell levels left.
You didn't know any spells.
Your spell library contained the following spells:

 Spells                   Type           Power      Damage    Failure   Level
 Summon Forest            Summ/Tloc      0%         N/A       100%        5
 Eringya's Noxious Bog    Alch           0%         4d6       100%        6
 Summon Hydra             Summ           0%         N/A       100%        7


Dungeon Overview and Level Annotations

Branches:
Dungeon (6/15)             Temple (0/1) D:5           Sewer (visited)

Altars:
Nemelex Xobeh
Trog
Yredelemnul

Shops:
D:4 :


Innate Abilities, Weirdness & Mutations

You are a tree.
Your roots penetrate the ground, keeping you stationary.
You cannot be teleported.
You are immune to unholy pain and torment.
Your maximum health is greatly increased.
Your equipment is partially melded.
You are too large for most types of armour.
((You have claws for hands.))
Your natural rate of healing is unusually fast.
((You are covered in fur. (AC +1)))
((You have tough skin. (AC +1)))


Message History

You are too confused!
You are too confused!
You are too confused!
You are too confused!
You are too confused!
Okay, then.
You barely miss something. Something hits you.
The orc warrior hits you from afar with a +0 halberd!!
You bump into the rock wall.
Something completely misses you.
The orc warrior hits you from afar with a +0 halberd!
You barely miss something.
You hear some strange, mumbled words.
You are more confused.
The orc warrior hits you from afar with a +0 halberd!
You're too confused to move!
Something hits you but does no damage.
The orc warrior hits you from afar with a +0 halberd!
The orc warrior attacks as it pursues you!
The orc warrior hits you from afar with a +0 halberd!
* * * LOW HITPOINT WARNING * * *
The orc warrior attacks as it pursues you!
The orc warrior hits you from afar with a +0 halberd!
* * * LOW HITPOINT WARNING * * *
Something hits you but does no damage.
The orc warrior hits you from afar with a +0 halberd.
* * * LOW HITPOINT WARNING * * *
The orc priest mumbles some strange prayers to Beogh against you.
Pain shoots through your body!
* * * LOW HITPOINT WARNING * * *
You turn into a tree.
Your +0 robe melds into your body.
Your roots penetrate the ground.
Something hits you but does no damage.
You are too confused!
You feel very mighty all of a sudden.
The orc warrior hits you but does no damage.
Something hits you but does no damage.
You cannot move. (Use ctrl+direction or * direction to attack while stationary and confused.)
You cannot move. (Use ctrl+direction or * direction to attack while stationary and confused.)
You completely miss something.
The orc priest invokes the aid of Beogh against you.
Beogh smites you!
You die...

## ## .. .## ## #.
..###### ...
#.###.......###
##.##...o###.......
......##.o{♣....... ..
.##..# ##..#####..# ..
..##..###...####...
...
#.....)............
....
######.....####.##
..#.# ##...##.....
#....#####..#.#####..#
#......<..#..# ...
#.........##... ..


You could see an orc warrior and an orc priest.

Vanquished Creatures
  Duvessa (D:4)
  A black bear (D:4)
  An ice beast (D:5)
  5 ogres
  A phantom (D:5)
  Dowan (D:4)
  A howler monkey (D:4)
  A bombardier beetle (D:5)
  4 jellies (Sewer)
  3 hounds
  An orc priest (D:5)
  A scorpion zombie (D:3)
  An orc wizard (D:5)
  3 gnolls (D:3)
  7 adders
  2 river rats (Sewer)
  4 dart slugs
  4 orcs
  8 endoplasms
  14 giant cockroaches
  8 goblins
  2 hobgoblins
  4 quokkas
  7 ball pythons
  8 bats
  3 frilled lizards
  6 kobolds
  3 rats
105 creatures vanquished.

Vanquished Creatures (others)
  A centaur (D:5)
  2 jellies
  A hound (D:5)
  An orc priest (D:5)
  An orc wizard (D:3)
  An adder (D:4)
  An adder zombie (D:3)
  3 dart slugs
  5 orcs
  A giant cockroach (D:4)
  A goblin (D:4)
  2 jackals (D:5)
  A quokka (D:4)
  A ball python (D:4)
  2 ball python zombies (D:3)
24 creatures vanquished.

Grand Total: 129 creatures vanquished

Notes
Turn   | Place    | Note
-------+----------+-------------------------------------------
     0 | D:1      | BigPumpCobain the Troll Fighter began the quest for the
                  | Orb.
     0 | D:1      | Reached XP level 1. HP: 22/22 MP: 0/0
    80 | D:1      | Reached XP level 2. HP: 20/29 MP: 1/1
   634 | D:2      | Reached XP level 3. HP: 36/36 MP: 2/2
   901 | D:2      | Reached skill level 3 in Unarmed Combat
  1191 | D:3      | Found a bloodstained altar of Trog.
  1231 | D:3      | Found a glowing drain.
  1250 | D:3      | Reached XP level 4. HP: 44/44 MP: 3/3
  1255 | Sewer    | Entered a sewer
  1373 | Sewer    | Reached skill level 4 in Unarmed Combat
  1373 | Sewer    | Reached XP level 5. HP: 52/53 MP: 4/4
  1399 | Sewer    | Found a viscous altar of Jiyva.
  1517 | Sewer    | Became a worshipper of Jiyva Jiemut the Shapeless
  1597 | D:3      | Found a sparkling altar of Nemelex Xobeh.
  1667 | D:3      | Reached XP level 6. HP: 61/61 MP: 5/5
  1670 | D:3      | Found a basalt altar of Yredelemnul.
  1805 | D:3      | Reached * piety under Jiyva
  2194 | D:4      | Reached skill level 5 in Unarmed Combat
  2214 | D:4      | Noticed Duvessa
  2215 | D:4      | Found Odouwne's Vocational Training.
  2217 | D:4      | Noticed Dowan
  2224 | D:4      | Killed Duvessa
  2244 | D:4      | Killed Dowan
  2245 | D:4      | Reached XP level 7. HP: 57/68 MP: 6/6
  2346 | D:4      | Reached skill level 6 in Unarmed Combat
  2429 | D:4      | Reached ** piety under Jiyva
  3140 | D:5      | Entered Level 5 of the Dungeon
  3185 | D:5      | Found a staircase to the Ecumenical Temple.
  3218 | D:5      | HP: 2/71 [orc priest/divine providence (12)]
  3219 | D:5      | Reached XP level 8. HP: 2/79 MP: 7/7
  3223 | D:5      | Reached skill level 5 in Shields
  3225 | D:5      | Reached skill level 7 in Unarmed Combat
  3285 | D:5      | Reached *** piety under Jiyva
  3630 | D:6      | HP: 1/79 [orc priest/nerve-wracking pain (6)]
  3633 | D:6      | Killed from afar by an orc priest

Illustrated notes

Levels and vault maps discovered:
D:1:      spicycebolla_arrival_clurvy, layout_basic, minivault_14
D:2:      layout_loops_ring
D:3:      layout_basic, nemelex_dance_club_becter, mainiacjoe_overflow_24_doors,
          nicolae_yredelemnul_corpse_copse, gup_sewer_entry_glass,
          grunt_decor_fettered, item_on_display_a
D:4:      layout_layer_cave, nicolae_shop_vocational, uniq_duvessa
D:5:      layout_rooms, minmay_temple_entry_arrows, minmay_misc_feat_ornament,
          chequers_serial_rivers_room_b
D:6:      layout_rooms, uniq_grinder, uniq_jeremiah

Skill      XL: |  1  2  3  4  5  6  7  8 |
---------------+-------------------------+-----
Shields        | 3 4 5 |  5.3
Unarmed Combat | 3 4 5 6 7 |  7.5
Fighting       | 3 4 |  4.9
Dodging        | |  2.4

Action                     |  1- 3 |  4- 6 |  7- 9 || total
---------------------------+-------+-------+-------++-------
  Melee: Unarmed           |   116 |   140 |    75 ||   331
    Use: Scroll            |     3 |       |       ||     3
         Potion            |       |       |     4 ||     4
   Stab: Sleeping          |     2 |       |       ||     2
 Armour: Robe              |    67 |    71 |    32 ||   170
         Skin              |       |       |     3 ||     3
  Dodge: Dodged            |    35 |    33 |    13 ||    81
  Block: Kite shield       |    45 |    87 |    31 ||   163
         Reflection        |       |     1 |       ||     1
